AoeStats
← Tchitchi d'Afflelou

Black Forest

510854886Analyzed
4v4 RM · 21h ago on Oct 2, 2026· 45m 53s· 8 players
Game mode
Random Map
Map size
Large (8 player)
Population
200
Speed
Normal
Resources
Standard
Victory
Conquest
Starting age
Dark Age
Ending age
Imperial Age
RankedLock teamsTeams togetherTeam positionsShared explorationLock speedFull tech treeHidden civsTurbo modeCheats
Victory
Defeat
🇵🇪 Saracens · Peru
1514
+12
🇨🇦 Malians · Canada
1513
+12
🇨🇱 Mapuche · Chile
1382
+18
🇨🇷 Bengalis · Costa Rica
1346
+20
🇫🇷 Burgundians · France
1447
-16
🇬🇧 Hindustanis · United Kingdom
1434
-16
🇫🇮 Berbers · Finland
1423
-15
🇮🇹 Wei · Italy
1405
-15
docsparkles
11:15 Feudal Age
9:43 Loom
11:30 Feudal Age
12:51 Double-Bit Axe
15:35 Castle Age
14:33 Horse Collar
20:22 Scale Barding Armor
21:02 Forging
21:45 Husbandry
24:02 Bow Saw
25:02 Heavy Plow
26:23 Bloodlines
27:45 Wheelbarrow
27:28 Town Watch
32:29 Imperial Age
31:36 Padded Archer Armor
31:28 Fletching
32:00 Chain Barding Armor
32:15 Iron Casting
31:43 Light Cavalry
33:04 Hand Cart
32:51 Town Patrol
34:25 Chemistry
33:46 Ballistics
33:23 Bodkin Arrow
33:44 Leather Archer Armor
33:53 Conscription
33:59 Shatagni
33:49 Hussar
35:16 Plate Barding Armor
37:06 Two-Man Saw
43:05 Grand Trunk Road
Tchitchi d'Afflelou
6:11 Loom
8:59 Feudal Age
10:19 Double-Bit Axe
15:15 Fletching
17:59 Stone Mining
17:59 Gold Mining
18:00 Stone Mining
18:00 Gold Mining
22:02 Horse Collar
26:04 Castle Age
30:13 Town Watch
31:03 Wheelbarrow
31:37 Bow Saw
37:57 Pikeman
38:37 Squires
38:23 Arson
39:56 Two-Man Saw
40:35 Scale Mail Armor
41:58 Heavy Plow
42:31 Forging
44:27 Crop Rotation
GdR_Salinaro
11:19 Feudal Age
15:30 Castle Age
13:47 Double-Bit Axe
17:04 Wheelbarrow
16:49 Bow Saw
16:22 Horse Collar
19:14 Loom
19:15 Town Watch
22:24 Hand Cart
22:19 Heavy Plow
23:12 Stone Mining
23:15 Gold Mining
25:05 Stone Shaft Mining
26:02 Gold Shaft Mining
28:58 Imperial Age
28:09 Ballistics
27:59 Masonry
27:45 Murder Holes
29:14 Fletching
29:36 Forging
29:32 Scale Barding Armor
30:32 Conscription
31:00 Hoardings
32:05 Chemistry
31:01 Bodkin Arrow
31:42 Iron Casting
31:42 Heavy Scorpion
36:20 Fortified Wall
35:51 Treadmill Crane
40:53 Blast Furnace
39:54 Scale Mail Armor
40:51 Squires
40:11 Pikeman
40:37 Arson
41:06 Halberdier
42:16 Caravan
43:24 Chain Mail Armor
thaebS
1:35 Loom
15:58 Feudal Age
18:53 Double-Bit Axe
21:11 Castle Age
30:36 Horse Collar
31:08 Bow Saw
33:00 Heavy Plow
36:27 Wheelbarrow
35:42 Town Watch
36:47 Fletching
36:57 Padded Archer Armor
36:22 Elite Skirmisher
39:55 Imperial Age
39:55 Bodkin Arrow
40:00 Padded Archer Armor
40:22 Ballistics
40:42 Bracer
42:03 Leather Archer Armor
42:53 Chemistry
41:35 Treadmill Crane
43:50 Ring Archer Armor
ノルフ
8:21 Loom
10:11 Feudal Age
15:42 Castle Age
15:03 Double-Bit Axe
17:58 Loom
22:19 Horse Collar
26:03 Bow Saw
25:56 Heavy Plow
27:16 Wheelbarrow
28:18 Gold Mining
32:15 Imperial Age
30:37 Forging
31:01 Stone Mining
32:26 Ballistics
32:42 Scale Mail Armor
33:17 Iron Casting
33:00 Fortified Wall
34:17 Chemistry
34:19 Crossbowman
35:05 Thumb Ring
36:37 Arbalester
39:08 Fletching
39:18 Padded Archer Armor
40:22 Coinage
40:15 Bodkin Arrow
41:43 Leather Archer Armor
42:32 Treadmill Crane
43:03 Masonry
44:25 Ring Archer Armor
44:11 Chain Mail Armor
44:57 Caravan
CTM | KLIN
4:37 Loom
10:49 Feudal Age
14:37 Castle Age
12:41 Double-Bit Axe
13:44 Horse Collar
16:08 Bow Saw
23:59 Gold Mining
24:01 Stone Mining
25:53 Wheelbarrow
25:59 Heavy Plow
31:40 Imperial Age
30:36 Hand Cart
30:15 Fletching
31:29 Ballistics
32:13 Forging
31:59 Bodkin Arrow
32:57 Gold Shaft Mining
32:55 Conscription
31:59 Elite Mameluke
33:46 Iron Casting
33:13 Padded Archer Armor
34:13 Husbandry
34:24 Bloodlines
33:34 Light Cavalry
35:25 Hussar
39:12 Blast Furnace
38:18 Scale Barding Armor
38:15 Bracer
43:49 Caravan
44:39 Chain Barding Armor
44:35 Leather Archer Armor
45:29 Two-Man Saw
CumanoBorracho92
0:37 Loom
15:04 Feudal Age
16:20 Champi Runner
17:57 Forging
18:36 Scale Mail Armor
19:23 Horse Collar
21:51 Arson
29:19 Castle Age
27:48 Gold Mining
28:27 Fletching
28:29 Double-Bit Axe
29:06 Stone Mining
30:18 Bodkin Arrow
30:51 Crossbowman
31:38 Town Watch
32:53 Padded Archer Armor
34:09 Bow Saw
35:36 Wheelbarrow
36:34 Heavy Plow
36:52 Murder Holes
38:21 Iron Casting
38:01 Chain Mail Armor
38:08 Pikeman
41:19 Hand Cart
45:57 Imperial Age
46:10 Malon
45:47 Elite Skirmisher
alemarioh
11:45 Feudal Age
15:36 Castle Age
13:39 Horse Collar
14:25 Double-Bit Axe
16:46 Bow Saw
17:55 Heavy Plow
23:37 Wheelbarrow
28:03 Hand Cart
30:47 Imperial Age
28:03 Loom
28:04 Town Watch
28:12 Gold Mining
28:12 Stone Mining
30:11 Gold Shaft Mining
29:59 Ballistics
29:50 Masonry
29:33 Heated Shot
29:41 Murder Holes
30:34 Fletching
30:50 Scale Barding Armor
30:56 Forging
30:47 Padded Archer Armor
31:33 Bodkin Arrow
31:31 Elite Elephant Archer
32:31 Leather Archer Armor
32:48 Bracer
34:15 Chemistry
33:22 Siege Engineers
34:09 Conscription
34:22 Ring Archer Armor
35:03 Conscription
37:25 Architecture
37:08 Fortified Wall
36:46 Arrowslits
38:18 Elite Skirmisher
39:36 Heavy Scorpion
43:15 Caravan
43:43 Pikeman
44:24 Squires
44:26 Scale Mail Armor
44:37 Forging
45:44 Onager
46:41 Chain Mail Armor
47:02 Iron Casting
Connection lost

Rejoining the realm…

Still unreachable

The connection could not be restored.

Session expired

The server has moved on; the page needs a fresh start.